[ AOE2 MATCH · #481590894 ]
UnrankedJapanese vs Armenians
Player's team · WIN
Rival team · LOSS
[ REPLAY ANALYSIS · EXTRACTED FROM THE RECORDED GAME ]
Feudal
9:57
Castle
22:38
Imperial
—
| APM avg | 34.3 |
| APM peak | 77 |
| eAPM avg | 12.2 |
| Villagers / military | 72 / 29 |
Focus
⚔️ 23.9% · 🌾 76.1%
Cavalry Archer ×22 · Militia ×6 · Monk ×1
Feudal
10:14
Castle
24:41
Imperial
—
| APM avg | 21.6 |
| APM peak | 53 |
| eAPM avg | 8.1 |
| Villagers / military | 38 / 7 |
Focus
⚔️ 12.0% · 🌾 88.0%
Archer ×5 · Militia ×2
Match map
Initial resources + every placement click. Lines = walls · curves = elevation contours. ◆ gold · ⬟ stone · ● berries · ✦ relic · ◌ wall gap
Your base· Open — unwalled flank
板鸭一霸's base· Open — unwalled flank
Smoothed initial terrain · ◌ = detected wall gap · hover for details
Inputs per minute
— CroBro - - 板鸭一霸
Build order — CroBro
First 150 of 190 actions detected
| 0:00 | Create | Villager (Male) |
| 0:00 | Create | Villager (Male) |
| 0:01 | Create | Villager (Male) |
| 0:02 | Build | House |
| 0:04 | Build | House |
| 0:41 | Create | Villager (Male) |
| 1:41 | Create | Villager (Male) |
| 1:45 | Build | Lumber Camp |
| 2:14 | Create | Villager (Male) |
| 2:35 | Create | Villager (Male) |
| 2:54 | Create | Villager (Male) |
| 3:18 | Build | House |
| 3:46 | Build | Mill |
| 3:49 | Create | Villager (Male) |
| 3:49 | Create | Villager (Male) |
| 4:24 | Create | Villager (Male) |
| 4:24 | Create | Villager (Male) |
| 4:43 | Create | Villager (Male) |
| 4:43 | Create | Villager (Male) |
| 4:55 | Create | Villager (Male) |
| 5:19 | Build | House |
| 5:48 | Build | House |
| 5:54 | Create | Villager (Male) |
| 5:54 | Create | Villager (Male) |
| 6:29 | Build | Mining Camp |
| 7:01 | Build | House |
| 7:07 | Research | Loom |
| 7:44 | Build | Barracks |
| 7:47 | Research | Feudal Age |
| 8:08 | Build | Mill |
| 8:39 | Build | Palisade Wall |
| 8:42 | Create | Militia |
| 8:42 | Create | Militia |
| 8:42 | Create | Militia |
| 9:22 | Build | House |
| 9:44 | Create | Villager (Male) |
| 9:44 | Create | Villager (Male) |
| 9:57 | Age | Feudal Age |
| 10:22 | Build | House |
| 10:27 | Build | Palisade Wall |
| 10:36 | Research | Man-at-Arms (upgrade) |
| 10:36 | Create | Militia |
| 10:50 | Build | Farm |
| 11:09 | Create | Villager (Male) |
| 11:09 | Create | Villager (Male) |
| 11:16 | Build | House |
| 11:19 | Build | Palisade Wall |
| 11:36 | Create | Villager (Male) |
| 11:38 | Create | Villager (Male) |
| 11:38 | Create | Villager (Male) |
| 11:58 | Research | Double-Bit Axe |
| 12:28 | Create | Villager (Male) |
| 12:28 | Create | Villager (Male) |
| 12:46 | Build | Farm |
| 12:46 | Build | Farm |
| 12:46 | Build | Farm |
| 12:58 | Create | Militia |
| 12:58 | Create | Militia |
| 13:14 | Build | Farm |
| 13:14 | Build | Farm |
| 13:35 | Create | Villager (Male) |
| 13:41 | Build | Farm |
| 14:02 | Create | Villager (Male) |
| 14:33 | Create | Villager (Male) |
| 14:56 | Create | Villager (Male) |
| 14:56 | Create | Villager (Male) |
| 15:00 | Build | Farm |
| 15:00 | Build | Farm |
| 15:00 | Build | Farm |
| 15:14 | Create | Villager (Male) |
| 15:29 | Create | Villager (Male) |
| 15:32 | Build | Farm |
| 15:32 | Build | Farm |
| 15:33 | Build | Farm |
| 15:33 | Build | Farm |
| 15:44 | Build | Lumber Camp |
| 16:04 | Build | House |
| 16:06 | Build | House |
| 16:11 | Build | Palisade Wall |
| 16:35 | Research | Horse Collar |
| 17:03 | Create | Villager (Male) |
| 17:03 | Create | Villager (Male) |
| 17:16 | Research | Arson |
| 17:27 | Build | Farm |
| 17:28 | Build | Farm |
| 17:38 | Build | Archery Range |
| 17:53 | Create | Villager (Male) |
| 17:54 | Create | Villager (Male) |
| 17:58 | Build | Farm |
| 17:58 | Build | Farm |
| 18:13 | Build | Farm |
| 18:38 | Build | Farm |
| 18:38 | Build | Farm |
| 19:04 | Build | Blacksmith |
| 19:07 | Create | Villager (Male) |
| 19:08 | Create | Villager (Male) |
| 19:12 | Build | Farm |
| 19:51 | Create | Villager (Male) |
| 19:51 | Create | Villager (Male) |
| 19:54 | Research | Castle Age |
| 19:59 | Build | Farm |
| 19:59 | Build | Farm |
| 19:59 | Build | Farm |
| 20:25 | Build | Farm |
| 20:30 | Research | Fletching |
| 20:55 | Build | Archery Range |
| 20:59 | Research | Padded Archer Armor |
| 21:08 | Build | Stable |
| 21:52 | Create | Villager (Male) |
| 21:53 | Create | Villager (Male) |
| 22:00 | Build | Lumber Camp |
| 22:04 | Build | Mining Camp |
| 22:06 | Research | Bloodlines |
| 22:38 | Age | Castle Age |
| 22:42 | Create | Cavalry Archer |
| 22:43 | Create | Cavalry Archer |
| 22:44 | Research | Thumb Ring |
| 22:48 | Create | Villager (Male) |
| 22:49 | Create | Villager (Male) |
| 23:12 | Build | Monastery |
| 23:33 | Create | Cavalry Archer |
| 23:51 | Research | Bow Saw |
| 23:56 | Create | Cavalry Archer |
| 24:10 | Create | Villager (Male) |
| 24:10 | Create | Villager (Male) |
| 24:28 | Research | Gold Mining |
| 24:45 | Create | Cavalry Archer |
| 24:45 | Create | Cavalry Archer |
| 25:22 | Create | Cavalry Archer |
| 25:23 | Create | Cavalry Archer |
| 25:40 | Create | Villager (Male) |
| 25:40 | Create | Villager (Male) |
| 25:46 | Create | Monk |
| 25:52 | Research | Squires |
| 26:15 | Build | Town Center |
| 26:19 | Build | House |
| 26:19 | Build | House |
| 26:20 | Build | House |
| 26:20 | Build | House |
| 26:51 | Create | Cavalry Archer |
| 26:51 | Create | Cavalry Archer |
| 26:58 | Create | Cavalry Archer |
| 27:31 | Create | Villager (Male) |
| 27:31 | Create | Villager (Male) |
| 27:38 | Research | Bodkin Arrow |
| 27:38 | Research | Leather Archer Armor |
| 27:43 | Create | Villager (Male) |
| 27:43 | Create | Villager (Male) |
| 27:48 | Create | Villager (Male) |
| 27:52 | Research | Long Swordsman (upgrade) |
Build order — 板鸭一霸
99 actions detected in the replay
| 0:01 | Research | Loom |
| 0:01 | Create | Villager (Male) |
| 0:01 | Create | Villager (Male) |
| 0:02 | Create | Villager (Male) |
| 0:02 | Create | Villager (Male) |
| 0:03 | Build | House |
| 0:06 | Build | House |
| 1:46 | Create | Villager (Male) |
| 2:23 | Create | Villager (Male) |
| 2:46 | Create | Villager (Male) |
| 3:08 | Create | Villager (Male) |
| 3:18 | Build | Mule Cart |
| 3:26 | Build | House |
| 3:29 | Build | House |
| 3:35 | Create | Villager (Male) |
| 4:00 | Create | Villager (Male) |
| 4:41 | Create | Villager (Male) |
| 5:08 | Create | Villager (Male) |
| 5:50 | Build | Mill |
| 5:55 | Create | Villager (Male) |
| 6:29 | Create | Villager (Male) |
| 6:49 | Create | Villager (Male) |
| 8:04 | Research | Feudal Age |
| 8:29 | Build | Barracks |
| 8:44 | Build | Mule Cart |
| 9:09 | Create | Villager (Male) |
| 9:27 | Build | Mule Cart |
| 10:01 | Create | Militia |
| 10:14 | Age | Feudal Age |
| 10:51 | Create | Villager (Male) |
| 10:57 | Build | Farm |
| 10:57 | Build | Farm |
| 10:57 | Build | Farm |
| 10:58 | Build | Farm |
| 11:05 | Create | Militia |
| 13:00 | Research | Man-at-Arms (upgrade) |
| 13:09 | Build | Farm |
| 13:09 | Build | Farm |
| 13:10 | Build | Farm |
| 14:12 | Create | Villager (Male) |
| 14:22 | Create | Villager (Male) |
| 14:37 | Research | Long Swordsman (upgrade) |
| 15:02 | Build | House |
| 15:33 | Build | Farm |
| 15:44 | Build | House |
| 16:55 | Build | Mule Cart |
| 17:08 | Build | Mule Cart |
| 18:51 | Build | Archery Range |
| 20:13 | Create | Villager (Male) |
| 20:14 | Create | Villager (Male) |
| 21:11 | Create | Villager (Male) |
| 21:11 | Create | Villager (Male) |
| 21:17 | Build | Blacksmith |
| 21:54 | Build | Farm |
| 21:59 | Research | Castle Age |
| 22:07 | Build | House |
| 22:50 | Build | Mule Cart |
| 23:06 | Create | Archer |
| 23:15 | Research | Double-Bit Axe |
| 24:04 | Create | Villager (Male) |
| 24:13 | Create | Archer |
| 24:23 | Research | Fletching |
| 24:29 | Research | Stone Mining |
| 24:37 | Build | House |
| 24:40 | Build | House |
| 24:41 | Age | Castle Age |
| 24:42 | Build | House |
| 24:56 | Research | Crossbowman (upgrade) |
| 26:16 | Build | Castle |
| 26:31 | Create | Villager (Male) |
| 27:03 | Create | Archer |
| 27:09 | Build | House |
| 27:13 | Build | House |
| 27:39 | Create | Archer |
| 28:18 | Build | House |
| 28:29 | Research | Town Watch |
| 28:29 | Create | Villager (Male) |
| 29:00 | Research | Wheelbarrow |
| 29:49 | Build | Town Center |
| 30:43 | Create | Villager (Male) |
| 31:03 | Create | Archer |
| 31:10 | Create | Villager (Male) |
| 31:26 | Create | Villager (Male) |
| 31:54 | Create | Villager (Male) |
| 32:15 | Research | Bow Saw |
| 32:22 | Build | Mule Cart |
| 32:26 | Create | Villager (Male) |
| 32:26 | Create | Villager (Male) |
| 32:34 | Create | Villager (Male) |
| 32:34 | Create | Villager (Male) |
| 32:34 | Create | Villager (Male) |
| 32:57 | Create | Villager (Male) |
| 33:42 | Create | Villager (Male) |
| 33:51 | Build | Farm |
| 33:52 | Build | Farm |
| 33:52 | Build | Farm |
| 33:53 | Build | Farm |
| 33:55 | Build | Farm |
| 33:56 | Create | Villager (Male) |
Match timeline
| 7:44 | CroBro · first_building Barracks |
| 8:29 | 板鸭一霸 · first_building Barracks |
| 8:39 | CroBro · wall_segment Palisade Wall x4 |
| 9:57 | CroBro · age_up feudal |
| 10:14 | 板鸭一霸 · age_up feudal |
| 10:27 | CroBro · wall_segment Palisade Wall x15 |
| 11:19 | CroBro · wall_segment Palisade Wall x10 |
| 16:11 | CroBro · wall_segment Palisade Wall x13 |
| 17:38 | CroBro · first_building Archery Range |
| 18:51 | 板鸭一霸 · first_building Archery Range |
| 21:08 | CroBro · first_building Stable |
| 22:38 | CroBro · age_up castle |
| 23:12 | CroBro · first_building Monastery |
| 24:41 | 板鸭一霸 · age_up castle |
| 26:16 | 板鸭一霸 · first_building Castle |
| 34:13 | 板鸭一霸 · resign |
[ AI ANALYSIS · 1 CREDIT ]
What really happened in this match?
Wolo.gg analyzes every decision: build order, eco, micro, common mistakes by bracket. Personalized analysis on WhatsApp or Discord in 30 seconds.
Civ guide
Japanese
Perfil
Jugador #596178